Wolves vs Patriotes
(R1)
Created - 22 décembre 2013 at 19:12
Goals
|
| Wolves |
1 |
3 |
2 |
6 |
| Patriotes |
1 |
2 |
1 |
4 |
|
Shots
|
| Wolves |
3 |
11 |
17 |
31 |
| Patriotes |
12 |
11 |
11 |
34 |
|
1st period
1. Wolves , Nathan Davis 5 (Tim Crowder, Bruno Gervais) at 5:47
2. Patriotes , Tomas Kurka 12 (A.J Thelen, Fedor Fedorov) at 14:53 (SH)
Penalties :
Matt Gilroy (Min) for Interference (Minor) at 9:18, T.J Galiardi (Nyc) for Holding (Minor) at 14:27, A.J Thelen (Nyc) for Hooking (Minor) at 18:32
2nd period
3. Wolves , Mike Zigomanis 17 (Nate Guenin, Cody McLeod) at 0:43
4. Patriotes , Brock Trotter 1 (Davis Drewiske) at 3:50
5. Patriotes , Christian Hanson 7 (Brett Skinner, Tomas Kurka) at 6:18
6. Wolves , Cody McLeod 5 (Nate Guenin, Chris Neil) at 11:47 (PP)
7. Wolves , Mike Sislo 4 (Alexander Perezhogin, Rich Peverley) at 11:55
Penalties :
Tomas Kurka (Nyc) for Tripping (Minor) at 1:45, A.J Thelen (Nyc) for Holding (Minor) at 7:01, Andrew Gordon (Nyc) for Hooking (Minor) at 11:08, Mike Sislo (Min) for Tripping (Minor) at 13:03, Cory Emmerton (Nyc) for Hooking (Minor) at 16:58, Joe Charlebois (Nyc) for Hooking (Minor) at 19:54
3rd period
8. Patriotes , Cory Emmerton 9 (Tomas Kurka) at 9:19
9. Wolves , Mike Zigomanis 18 (Cody McLeod, Chris Neil) at 16:42
10. Wolves , Milan Bartovic 8 (Bruno Gervais, Matt Gilroy) at 17:44
Penalties :
Cory Emmerton (Nyc) for Cross-checking (Minor) at 2:38, A.J Thelen (Nyc) for Roughing (Minor) at 9:17, Mike Zigomanis (Min) for Cross-checking (Minor) at 9:17, Chris Neil (Min) for Charging (Minor) at 14:04, Mike Sislo (Min) for Hooking (Minor) at 18:44, Philip Larsen (Nyc) for Holding Stick (Minor) at 19:25
Goalie Stats
Jamie Storr (Min), 30 saves from 34 shots - (0,882), W, 9-13-1, 60:00 minutes
Leland Irving (Nyc), 25 saves from 31 shots - (0,806), L, 3-3-0, 60:00 minutes
Players Stats for Wolves
Player Name G A P +/- PIM S H SB GA TA FO MP PP MP PK MP
------------------------------------------------------------------------------------
Alexander Perezhogin 0 1 1 0 0 1 2 0 2 0 2/4 19:17 5:50 3:18
Bruno Gervais 0 2 2 2 0 1 1 0 0 1 0/0 19:35 4:49 2:41
Chris Neil 0 2 2 -1 2 3 1 0 1 0 3/6 24:37 8:39 2:29
Chris Terry 0 0 0 2 0 0 0 0 0 0 0/0 5:43 0:00 0:00
Cody McLeod 1 2 3 0 0 3 1 1 1 1 0/1 21:06 8:26 1:25
Dan Fritsche 0 0 0 -1 0 0 2 0 1 0 6/8 11:21 0:03 1:11
Geoff Paukovich 0 0 0 0 0 0 1 0 0 0 0/1 10:41 0:00 0:17
Hunter Tremblay 0 0 0 0 0 0 0 0 0 0 0/0 0:00 0:00 0:00
Jonas Junland 0 0 0 -1 0 3 0 1 0 0 0/0 6:59 0:00 0:40
Kevin Veilleux 0 0 0 0 0 0 0 0 0 0 0/0 0:00 0:00 0:00
Marc Methot 0 0 0 -1 0 0 1 0 0 1 0/0 6:19 0:00 0:00
Marc-André Gragnani 0 0 0 0 0 0 0 2 0 0 0/0 4:12 0:00 0:32
Mark Fayne 0 0 0 0 0 0 0 0 0 0 0/0 3:10 0:00 0:00
Mark Katic 0 0 0 0 0 0 0 0 0 0 0/0 0:00 0:00 0:00
Matt Gilroy 0 1 1 2 2 2 0 2 1 0 0/0 18:20 4:49 1:43
Mike Sislo 1 0 1 1 4 1 4 0 0 0 0/0 13:51 5:47 0:00
Mike Zigomanis 2 0 2 0 2 4 1 1 1 2 17/33 22:29 8:39 2:03
Milan Bartovic 1 0 1 0 0 5 1 0 2 0 0/2 11:53 0:19 0:00
Nate Guenin 0 2 2 0 0 2 0 2 0 2 0/0 30:49 9:43 3:50
Nathan Davis 1 0 1 1 0 2 0 0 0 0 4/5 6:38 0:00 0:58
Petr Kalus 0 0 0 0 0 0 0 0 0 0 0/1 0:41 0:00 0:18
Rich Peverley 0 1 1 1 0 2 0 0 1 1 8/12 16:22 5:50 1:17
Stefan Chaput 0 0 0 0 0 0 0 0 0 0 0/0 0:00 0:00 0:00
Tim Crowder 0 1 1 1 0 2 1 0 0 0 0/0 5:52 0:03 0:00
Willie Mitchell 0 0 0 0 0 0 1 3 0 1 0/0 30:49 9:43 3:50
Players Stats for Patriotes
Player Name G A P +/- PIM S H SB GA TA FO MP PP MP PK MP
------------------------------------------------------------------------------------
A.J Thelen 0 1 1 -2 6 2 3 3 0 4 0/0 29:03 4:04 6:13
Andreas Nodl 0 0 0 -2 0 4 3 1 2 0 2/2 19:00 3:26 4:28
Andrew Gordon 0 0 0 -1 2 2 1 0 0 0 0/1 17:32 2:53 4:14
Brett Skinner 0 1 1 -1 0 0 3 1 0 1 0/0 19:24 0:00 2:25
Brock Trotter 1 0 1 -1 0 3 2 0 0 0 0/0 12:53 0:19 3:01
Cameron Gaunce 0 0 0 0 0 0 0 0 0 0 0/0 0:51 0:00 0:37
Christian Hanson 1 0 1 1 0 2 1 0 1 0 5/9 12:55 2:53 1:34
Cory Emmerton 1 0 1 0 4 5 1 0 1 0 8/20 17:14 3:25 0:00
Davis Drewiske 0 1 1 -1 0 1 4 4 2 1 0/0 30:07 4:04 7:33
Fedor Fedorov 0 1 1 1 0 3 1 1 1 0 2/5 18:24 2:53 7:29
James Wright 0 0 0 0 0 1 0 0 0 0 3/9 7:19 0:00 0:12
Joe Charlebois 0 0 0 0 2 1 1 3 0 3 0/0 23:54 2:34 5:30
Lauri Tukonen 0 0 0 0 0 2 2 1 0 0 0/0 7:59 0:19 0:13
Philip Larsen 0 0 0 1 2 0 1 2 0 0 0/0 17:16 2:33 6:22
Ryan White 0 0 0 -2 0 0 0 0 0 0 4/6 6:06 0:00 0:00
T.J Galiardi 0 0 0 -1 2 1 4 0 1 1 1/3 15:28 0:20 1:34
Tomas Kubalik 0 0 0 -2 0 0 1 0 0 0 0/0 6:06 0:00 0:00
Tomas Kurka 1 2 3 3 2 7 2 1 1 0 8/18 21:14 3:26 6:43
3 Stars
1 - Tomas Kurka (Nyc)
2 - Cody McLeod (Min)
3 - Mike Zigomanis (Min)
Power Play
Wolves - 1 on 9 Attempt(s) - 11,11%
Patriotes - 0 on 4 Attempt(s) - 0,00%
Penalty Kill
Wolves - 4 on 4 Attempt(s) - 100,00%
- Score 0 goal in Penalty Kill
Patriotes - 8 on 9 Attempt(s) - 88,89%
- Score 1 goal in Penalty Kill
Official
Referees : Joannette Marc and Charron Francis
Linesman : Steve Barton and Jay Sharrers
Game Notes
6:18 of 2nd period - Patriotes goal is going for a video replay. After video review, Goal.
2:42 of 3rd period - Wolves goal is going for a video replay. After video review, No Goal. The puck has entered the net after making contact with an attacking player’s stick that is above the height of the crossbar.
Nathan Davis is injured at 12:00 of 3rd period (Left Foot)
Finance
Level 1 -- Attendance: 1323 (66,15%) -- Ticket Income 46 305 $
Level 2 -- Attendance: 665 (66,50%) -- Ticket Income 9 975 $
Total Attendance: 1988 (66,27%)
Total Ticket Income: 56 280 $
Other Income: 2 814 $
Total Income: 59 094 $
Wolves
5 vs 5 Forward
Center Left Wing Right Wing Time % Phy DF OF
1 Mike Zigomanis Cody McLeod Chris Neil 40 1 2 2
2 Rich Peverley Mike Sislo Alexander Perezhogin 30 1 2 2
3 Dan Fritsche Geoff Paukovich Milan Bartovic 20 1 2 2
4 Nathan Davis Chris Terry Tim Crowder 10 1 2 2
5 vs 5 Defense
Defense Defense Time % Phy DF OF
1 Willie Mitchell Nate Guenin 40 1 2 2
2 Bruno Gervais Matt Gilroy 30 1 2 2
3 Marc Methot Jonas Junland 20 1 2 2
4 Marc-André Gragnani Mark Fayne 10 1 2 2
PowerPlay Forward
Center Left Wing Right Wing Time % Phy DF OF
1 Mike Zigomanis Cody McLeod Chris Neil 60 1 2 2
2 Rich Peverley Mike Sislo Alexander Perezhogin 40 1 2 2
PowerPlay Defense
Defense Defense Time % Phy DF OF
1 Willie Mitchell Nate Guenin 60 1 2 2
2 Bruno Gervais Matt Gilroy 40 1 2 2
Penalty Kill 4 Players Forward
Center Wing Time % Phy DF OF
1 Chris Neil Alexander Perezhogin 60 1 2 2
2 Mike Zigomanis Rich Peverley 40 1 2 2
Penalty Kill 4 Players Defense
Defense Defense Time % Phy DF OF
1 Willie Mitchell Nate Guenin 60 1 2 2
2 Bruno Gervais Matt Gilroy 40 1 2 2
Penalty Kill - 3 Players Forward
Forward Time % Phy DF OF
1 Chris Neil 60 1 2 2
2 Alexander Perezhogin 40 1 2 2
Penalty Kill - 3 Players Defense
Defense Defense Time % Phy DF OF
1 Willie Mitchell Nate Guenin 60 1 2 2
2 Bruno Gervais Matt Gilroy 40 1 2 2
4 vs 4 Forward
Center Wing Time % Phy DF OF
1 Chris Neil Alexander Perezhogin 60 1 2 2
2 Mike Zigomanis Rich Peverley 40 1 2 2
4 vs 4 Defense
Defense Defense Time % Phy DF OF
1 Willie Mitchell Nate Guenin 60 1 2 2
2 Bruno Gervais Matt Gilroy 40 1 2 2
Last Minutes Offensive
Center Left Wing Right Wing Defense Defense
Mike Zigomanis Cody McLeod Chris Neil Willie Mitchell Nate Guenin
Last Minutes Defensive
Center Left Wing Right Wing Defense Defense
Mike Zigomanis Cody McLeod Chris Neil Willie Mitchell Nate Guenin
Goaltenders
Starting : Jamie Storr
Backup : Loïc Lacasse
Extra Forwards
Normal : Milan Bartovic, Dan Fritsche, Nathan Davis - PP : Milan Bartovic, Dan Fritsche - PK : Nathan Davis
Extra Defensemen
Normal : Marc Methot, Jonas Junland, Marc-André Gragnani - PP : Marc Methot - PK : Jonas Junland, Marc-André Gragnani
Penalty Shots
Chris Neil, Alexander Perezhogin, Mike Zigomanis, Rich Peverley, Milan Bartovic
Patriotes
5 vs 5 Forward
Center Left Wing Right Wing Time % Phy DF OF
1 Cory Emmerton T.J Galiardi Andreas Nodl 40 1 2 2
2 Christian Hanson Tomas Kurka Andrew Gordon 30 1 2 2
3 James Wright Fedor Fedorov Lauri Tukonen 20 1 2 2
4 Ryan White Brock Trotter Tomas Kubalik 10 1 2 2
5 vs 5 Defense
Defense Defense Time % Phy DF OF
1 A.J Thelen Davis Drewiske 40 1 2 2
2 Brett Skinner Joe Charlebois 30 1 2 2
3 Philip Larsen A.J Thelen 20 1 2 2
4 A.J Thelen Davis Drewiske 10 1 2 2
PowerPlay Forward
Center Left Wing Right Wing Time % Phy DF OF
1 Cory Emmerton Tomas Kurka Andreas Nodl 60 1 2 2
2 Christian Hanson Fedor Fedorov Andrew Gordon 40 1 2 2
PowerPlay Defense
Defense Defense Time % Phy DF OF
1 A.J Thelen Davis Drewiske 60 1 2 2
2 Philip Larsen Joe Charlebois 40 1 2 2
Penalty Kill 4 Players Forward
Center Wing Time % Phy DF OF
1 Tomas Kurka Fedor Fedorov 60 1 2 2
2 Andreas Nodl Andrew Gordon 40 1 2 2
Penalty Kill 4 Players Defense
Defense Defense Time % Phy DF OF
1 A.J Thelen Davis Drewiske 60 1 2 2
2 Philip Larsen Joe Charlebois 40 1 2 2
Penalty Kill - 3 Players Forward
Forward Time % Phy DF OF
1 Tomas Kurka 60 1 2 2
2 Andrew Gordon 40 1 2 2
Penalty Kill - 3 Players Defense
Defense Defense Time % Phy DF OF
1 A.J Thelen Davis Drewiske 60 1 2 2
2 Philip Larsen Joe Charlebois 40 1 2 2
4 vs 4 Forward
Center Wing Time % Phy DF OF
1 Tomas Kurka Cory Emmerton 60 1 2 2
2 Andreas Nodl Andrew Gordon 40 1 2 2
4 vs 4 Defense
Defense Defense Time % Phy DF OF
1 A.J Thelen Davis Drewiske 60 1 2 2
2 Brett Skinner Joe Charlebois 40 1 2 2
Last Minutes Offensive
Center Left Wing Right Wing Defense Defense
Andrew Gordon Tomas Kurka Andreas Nodl A.J Thelen Davis Drewiske
Last Minutes Defensive
Center Left Wing Right Wing Defense Defense
Andrew Gordon Tomas Kurka Andreas Nodl A.J Thelen Davis Drewiske
Goaltenders
Starting : Leland Irving
Backup : Jason Missiaen
Extra Forwards
Normal : Cory Emmerton, T.J Galiardi, Brock Trotter - PP : Cory Emmerton, T.J Galiardi - PK : Brock Trotter
Extra Defensemen
Normal : Philip Larsen, A.J Thelen, Davis Drewiske - PP : Philip Larsen - PK : Davis Drewiske, A.J Thelen
Penalty Shots
Tomas Kurka, T.J Galiardi, Andreas Nodl, Andrew Gordon, Fedor Fedorov
% Time on Ice - Wolves
Lines # - Real PCT - Wanted PCT - Time Play
Normal Forward
1 - 33% - 40% - 11:58
2 - 24% - 30% - 8:35
3 - 28% - 20% - 10:01
4 - 16% - 10% - 5:43
Normal Defense
1 - 43% - 40% - 15:28
2 - 31% - 30% - 11:20
3 - 17% - 20% - 6:19
4 - 9% - 10% - 3:10
PP Forward
1 - 60% - 60% - 8:42
2 - 40% - 40% - 5:50
PP Defense
1 - 67% - 60% - 9:43
2 - 33% - 40% - 4:49
PK Forward
1 - 81% - 60% - 5:21
2 - 19% - 40% - 1:17
PK Defense
1 - 60% - 60% - 3:57
2 - 40% - 40% - 2:41
PK3 Forward
1 - 0% - 60%
2 - 0% - 40%
PK3 Defense
1 - 0% - 60%
2 - 0% - 40%
44 Forward
1 - 74% - 60% - 1:53
2 - 26% - 40% - 0:40
44 Defense
1 - 71% - 60% - 1:48
2 - 29% - 40% - 0:45
Last Minute Offensive - 0:00
Last Minute Defensive - 0:00
Total
Forward - 60:00
Defense - 60:00
|
% Time on Ice - Patriotes
Lines # - Real PCT - Wanted PCT - Time Play
Normal Forward
1 - 40% - 40% - 14:27
2 - 24% - 30% - 8:41
3 - 19% - 20% - 7:03
4 - 17% - 10% - 6:06
Normal Defense
1 - 44% - 40% - 15:54
2 - 43% - 30% - 15:28
3 - 12% - 20% - 4:14
4 - 2% - 10% - 0:41
PP Forward
1 - 57% - 60% - 3:45
2 - 43% - 40% - 2:53
PP Defense
1 - 61% - 60% - 4:04
2 - 39% - 40% - 2:34
PK Forward
1 - 69% - 60% - 10:04
2 - 31% - 40% - 4:28
PK Defense
1 - 57% - 60% - 8:15
2 - 43% - 40% - 6:17
PK3 Forward
1 - 0% - 60%
2 - 0% - 40%
PK3 Defense
1 - 0% - 60%
2 - 0% - 40%
44 Forward
1 - 81% - 60% - 2:04
2 - 19% - 40% - 0:29
44 Defense
1 - 68% - 60% - 1:44
2 - 32% - 40% - 0:49
Last Minute Offensive - 0:00
Last Minute Defensive - 0:00
Total
Forward - 60:00
Defense - 60:00
|
Play by Play
1st period
0:01 of 1st period - Cory Emmerton wins face-off versus Mike Zigomanis in neutral zone.
0:27 of 1st period - Nate Guenin is hit by Davis Drewiske and loses puck.
1:29 of 1st period - Off-side.
1:30 of 1st period - T.J Galiardi wins face-off versus Mike Zigomanis in neutral zone.
1:54 of 1st period - Icing by Chris Neil.
1:55 of 1st period - Nathan Davis wins face-off versus Christian Hanson in Wolves zone.
2:28 of 1st period - Cory Emmerton is hit by Milan Bartovic and loses puck.
2:56 of 1st period - Icing by Marc-André Gragnani.
2:57 of 1st period - Ryan White wins face-off versus Cody McLeod in Wolves zone.
3:10 of 1st period - Snap shot by Andrew Gordon.
3:10 of 1st period - Stopped by Jamie Storr without a rebound.
3:11 of 1st period - Rich Peverley wins face-off versus Cory Emmerton in Wolves zone.
3:42 of 1st period - Wrist shot by Tomas Kurka.
3:42 of 1st period - Stopped by Jamie Storr with a rebound.
4:24 of 1st period - Snap shot by Nate Guenin.
4:24 of 1st period - Shot Misses the Net.
4:38 of 1st period - Snap shot by Andreas Nodl.
4:38 of 1st period - Shot Blocked by Willie Mitchell.
4:40 of 1st period - Snap shot by Cory Emmerton.
4:40 of 1st period - Stopped by Jamie Storr with a rebound.
4:47 of 1st period - Slapshot by T.J Galiardi.
4:47 of 1st period - Stopped by Jamie Storr with a rebound.
5:20 of 1st period - Chris Neil is hit by Fedor Fedorov and loses puck.
5:47 of 1st period - Backhand shot by Nathan Davis.
5:47 of 1st period - Goal by Nathan Davis - Wolves : 1 - Patriotes : 0.
5:48 of 1st period - Cory Emmerton wins face-off versus Rich Peverley in neutral zone.
6:24 of 1st period - Nate Guenin is hit by Tomas Kurka and loses puck.
6:37 of 1st period - Milan Bartovic is hit by Brett Skinner and loses puck.
6:42 of 1st period - Snap shot by Fedor Fedorov.
6:42 of 1st period - Deflect By James Wright.
6:42 of 1st period - Stopped by Jamie Storr without a rebound.
6:43 of 1st period - Rich Peverley wins face-off versus James Wright in Wolves zone.
6:48 of 1st period - Wrist shot by Fedor Fedorov.
6:48 of 1st period - Shot Misses the Net.
6:50 of 1st period - Slapshot by A.J Thelen.
6:50 of 1st period - Shot Blocked by Marc-André Gragnani.
6:52 of 1st period - Slapshot by Davis Drewiske.
6:52 of 1st period - Shot Misses the Net.
6:54 of 1st period - Slapshot by A.J Thelen.
6:54 of 1st period - Stopped by Jamie Storr with a rebound.
7:11 of 1st period - Mike Zigomanis is hit by Andreas Nodl and loses puck.
7:54 of 1st period - Snap shot by A.J Thelen.
7:54 of 1st period - Stopped by Jamie Storr without a rebound.
7:55 of 1st period - Mike Zigomanis wins face-off versus Ryan White in Wolves zone.
7:55 of 1st period - Mike Zigomanis is hit by Tomas Kubalik.
8:17 of 1st period - Icing by Mike Sislo.
8:18 of 1st period - Rich Peverley wins face-off versus Cory Emmerton in Wolves zone.
9:11 of 1st period - Wrist shot by Fedor Fedorov.
9:11 of 1st period - Stopped by Jamie Storr without a rebound.
9:12 of 1st period - Rich Peverley wins face-off versus T.J Galiardi in Wolves zone.
9:18 of 1st period - Minor Penalty to Matt Gilroy for Interference.
9:19 of 1st period - Chris Neil wins face-off versus Cory Emmerton in Wolves zone.
9:34 of 1st period - Snap shot by Andreas Nodl.
9:34 of 1st period - Stopped by Jamie Storr with a rebound.
10:16 of 1st period - Snap shot by Rich Peverley.
10:16 of 1st period - Shot Blocked by Joe Charlebois.
11:18 of 1st period - Penalty to Matt Gilroy is over, Matt Gilroy is back on ice.
11:18 of 1st period - Nathan Davis is hit by T.J Galiardi and loses puck.
11:41 of 1st period - Snap shot by Milan Bartovic.
11:41 of 1st period - Stopped by Leland Irving with a rebound.
12:13 of 1st period - Nathan Davis is hit by Lauri Tukonen and loses puck.
12:26 of 1st period - Wrist shot by Dan Fritsche.
12:26 of 1st period - Shot Misses the Net.
13:26 of 1st period - A.J Thelen is hit by Tim Crowder and loses puck.
13:37 of 1st period - Snap shot by Davis Drewiske.
13:37 of 1st period - Shot Blocked by Mike Zigomanis.
13:39 of 1st period - Snap shot by A.J Thelen.
13:39 of 1st period - Shot Blocked by Marc-André Gragnani.
13:41 of 1st period - Backhand shot by Davis Drewiske.
13:41 of 1st period - Shot Misses the Net.
13:43 of 1st period - Snap shot by Tomas Kurka.
13:43 of 1st period - Stopped by Jamie Storr with a rebound.
13:58 of 1st period - Off-side.
13:59 of 1st period - Fedor Fedorov wins face-off versus Dan Fritsche in neutral zone.
14:27 of 1st period - Minor Penalty to T.J Galiardi for Holding.
14:28 of 1st period - Mike Zigomanis wins face-off versus Tomas Kurka in Patriotes zone.
14:31 of 1st period - Snap shot by Chris Neil.
14:31 of 1st period - Shot Blocked by Fedor Fedorov.
14:35 of 1st period - Snap shot by Cody McLeod.
14:35 of 1st period - Shot Misses the Net.
14:37 of 1st period - Slapshot by Willie Mitchell.
14:37 of 1st period - Shot Misses the Net.
14:39 of 1st period - Slapshot by Nate Guenin.
14:39 of 1st period - Stopped by Leland Irving without a rebound.
14:40 of 1st period - Tomas Kurka wins face-off versus Mike Zigomanis in Patriotes zone.
14:53 of 1st period - Slapshot by Tomas Kurka.
14:53 of 1st period - Goal by Tomas Kurka - Wolves : 1 - Patriotes : 1.
14:54 of 1st period - Tomas Kurka wins face-off versus Mike Zigomanis in neutral zone.
15:21 of 1st period - Snap shot by Rich Peverley.
15:21 of 1st period - Shot Misses the Net.
16:27 of 1st period - Penalty to T.J Galiardi is over, T.J Galiardi is back on ice.
16:52 of 1st period - Wrist shot by T.J Galiardi.
16:52 of 1st period - Shot Hit the Post.
17:26 of 1st period - Snap shot by Davis Drewiske.
17:26 of 1st period - Stopped by Jamie Storr with a rebound.
18:32 of 1st period - Minor Penalty to A.J Thelen for Hooking.
18:33 of 1st period - Tomas Kurka wins face-off versus Mike Zigomanis in Patriotes zone.
19:06 of 1st period - Tomas Kurka is hit by Mike Sislo and loses puck.
2nd period
0:01 of 2nd period - Mike Zigomanis wins face-off versus Tomas Kurka in neutral zone.
0:32 of 2nd period - Penalty to A.J Thelen is over, A.J Thelen is back on ice.
0:43 of 2nd period - Wrist shot by Mike Zigomanis.
0:43 of 2nd period - Goal by Mike Zigomanis - Wolves : 2 - Patriotes : 1.
0:44 of 2nd period - Rich Peverley wins face-off versus Cory Emmerton in neutral zone.
1:01 of 2nd period - Off-side.
1:02 of 2nd period - Christian Hanson wins face-off versus Mike Zigomanis in neutral zone.
1:11 of 2nd period - Slapshot by Andrew Gordon.
1:11 of 2nd period - Shot Misses the Net.
1:13 of 2nd period - Slapshot by Tomas Kurka.
1:13 of 2nd period - Stopped by Jamie Storr without a rebound.
1:14 of 2nd period - Mike Zigomanis wins face-off versus Cory Emmerton in Wolves zone.
1:23 of 2nd period - Snap shot by Chris Neil.
1:23 of 2nd period - Shot Blocked by Davis Drewiske.
1:39 of 2nd period - Tomas Kurka is hit by Mike Sislo and loses puck.
1:45 of 2nd period - Minor Penalty to Tomas Kurka for Tripping.
1:46 of 2nd period - Fedor Fedorov wins face-off versus Mike Zigomanis in Patriotes zone.
2:45 of 2nd period - Mike Sislo is hit by T.J Galiardi and loses puck.
3:04 of 2nd period - Mike Zigomanis is hit by A.J Thelen and loses puck.
3:45 of 2nd period - Penalty to Tomas Kurka is over, Tomas Kurka is back on ice.
3:50 of 2nd period - Slapshot by Brock Trotter.
3:50 of 2nd period - Goal by Brock Trotter - Wolves : 2 - Patriotes : 2.
3:51 of 2nd period - Dan Fritsche wins face-off versus Cory Emmerton in neutral zone.
3:54 of 2nd period - Joe Charlebois is hit by Willie Mitchell and loses puck.
4:03 of 2nd period - Slapshot by Andreas Nodl.
4:03 of 2nd period - Stopped by Jamie Storr without a rebound.
4:04 of 2nd period - Christian Hanson wins face-off versus Mike Zigomanis in Wolves zone.
4:11 of 2nd period - Snap shot by Andrew Gordon.
4:11 of 2nd period - Shot Misses the Net.
4:21 of 2nd period - Chris Neil is hit by Tomas Kurka and loses puck.
5:22 of 2nd period - Snap shot by Brock Trotter.
5:22 of 2nd period - Shot Blocked by Matt Gilroy.
5:39 of 2nd period - Icing by Brett Skinner.
5:40 of 2nd period - Ryan White wins face-off versus Rich Peverley in Patriotes zone.
5:47 of 2nd period - Rich Peverley is hit by Andreas Nodl and loses puck.
6:12 of 2nd period - Wrist shot by Tomas Kurka.
6:12 of 2nd period - Stopped by Jamie Storr with a rebound.
6:14 of 2nd period - Snap shot by Tomas Kurka.
6:14 of 2nd period - Shot Misses the Net.
6:16 of 2nd period - Slapshot by Brett Skinner.
6:16 of 2nd period - Shot Blocked by Jonas Junland.
6:18 of 2nd period - Snap shot by Christian Hanson.
6:18 of 2nd period - Patriotes goal is going for a video replay.
6:18 of 2nd period - The goal is good.
6:18 of 2nd period - Goal by Christian Hanson - Wolves : 2 - Patriotes : 3.
6:19 of 2nd period - Cory Emmerton wins face-off versus Mike Zigomanis in neutral zone.
6:45 of 2nd period - Alexander Perezhogin is hit by Andrew Gordon and loses puck.
7:01 of 2nd period - Minor Penalty to A.J Thelen for Holding.
7:02 of 2nd period - Tomas Kurka wins face-off versus Mike Zigomanis in Patriotes zone.
7:02 of 2nd period - Tomas Kurka is hit by Chris Neil.
9:01 of 2nd period - Penalty to A.J Thelen is over, A.J Thelen is back on ice.
9:07 of 2nd period - Bruno Gervais is hit by A.J Thelen and loses puck.
9:28 of 2nd period - Matt Gilroy is hit by Philip Larsen and loses puck.
9:33 of 2nd period - Snap shot by Fedor Fedorov.
9:33 of 2nd period - Stopped by Jamie Storr with a rebound.
9:35 of 2nd period - Wrist shot by Fedor Fedorov.
9:35 of 2nd period - Shot Blocked by Matt Gilroy.
9:43 of 2nd period - Slapshot by Nathan Davis.
9:43 of 2nd period - Shot Blocked by Philip Larsen.
9:45 of 2nd period - Snap shot by Bruno Gervais.
9:45 of 2nd period - Shot Blocked by A.J Thelen.
9:47 of 2nd period - Slapshot by Matt Gilroy.
9:47 of 2nd period - Deflect By Nathan Davis.
9:47 of 2nd period - Shot Blocked by A.J Thelen.
9:47 of 2nd period - Puck is out of play.
9:48 of 2nd period - Dan Fritsche wins face-off versus Ryan White in Patriotes zone.
9:55 of 2nd period - Wrist shot by Milan Bartovic.
9:55 of 2nd period - Shot Blocked by Joe Charlebois.
10:01 of 2nd period - Marc Methot is hit by Brock Trotter and loses puck.
10:10 of 2nd period - Davis Drewiske is hit by Geoff Paukovich.
10:25 of 2nd period - Ryan White is hit by Dan Fritsche and loses puck.
10:36 of 2nd period - Slapshot by Dan Fritsche.
10:36 of 2nd period - Deflect By Geoff Paukovich.
10:36 of 2nd period - Shot Hit the Post.
10:36 of 2nd period - Puck is out of play.
10:37 of 2nd period - Mike Zigomanis wins face-off versus Cory Emmerton in Patriotes zone.
10:38 of 2nd period - Wrist shot by Cody McLeod.
10:38 of 2nd period - Shot Misses the Net.
11:08 of 2nd period - Minor Penalty to Andrew Gordon for Hooking.
11:09 of 2nd period - Tomas Kurka wins face-off versus Mike Zigomanis in Patriotes zone.
11:41 of 2nd period - Snap shot by Cody McLeod.
11:41 of 2nd period - Shot Blocked by Andreas Nodl.
11:43 of 2nd period - Snap shot by Nate Guenin.
11:43 of 2nd period - Stopped by Leland Irving with a rebound.
11:45 of 2nd period - Snap shot by Chris Neil.
11:45 of 2nd period - Shot Misses the Net.
11:47 of 2nd period - Slapshot by Nate Guenin.
11:47 of 2nd period - Deflect By Cody McLeod.
11:47 of 2nd period - Goal by Cody McLeod - Wolves : 3 - Patriotes : 3.
11:48 of 2nd period - Alexander Perezhogin wins face-off versus Christian Hanson in neutral zone.
11:53 of 2nd period - Snap shot by Alexander Perezhogin.
11:53 of 2nd period - Shot Misses the Net.
11:55 of 2nd period - Snap shot by Mike Sislo.
11:55 of 2nd period - Goal by Mike Sislo - Wolves : 4 - Patriotes : 3.
11:56 of 2nd period - Christian Hanson wins face-off versus Mike Zigomanis in neutral zone.
11:59 of 2nd period - Wrist shot by Andrew Gordon.
11:59 of 2nd period - Shot Misses the Net.
12:27 of 2nd period - Slapshot by Alexander Perezhogin.
12:27 of 2nd period - Shot Misses the Net.
12:45 of 2nd period - Snap shot by Rich Peverley.
12:45 of 2nd period - Shot Misses the Net.
13:03 of 2nd period - Minor Penalty to Mike Sislo for Tripping.
13:04 of 2nd period - Andreas Nodl wins face-off versus Alexander Perezhogin in Wolves zone.
13:05 of 2nd period - Wrist shot by Tomas Kurka.
13:05 of 2nd period - Shot Misses the Net.
13:11 of 2nd period - Slapshot by Andreas Nodl.
13:11 of 2nd period - Deflect By Tomas Kurka.
13:11 of 2nd period - Stopped by Jamie Storr without a rebound.
13:12 of 2nd period - Cory Emmerton wins face-off versus Chris Neil in Wolves zone.
13:27 of 2nd period - Wrist shot by Cory Emmerton.
13:27 of 2nd period - Stopped by Jamie Storr with a rebound.
13:43 of 2nd period - Willie Mitchell is hit by Davis Drewiske and loses puck.
13:56 of 2nd period - Cory Emmerton is hit by Mike Zigomanis and loses puck.
15:03 of 2nd period - Penalty to Mike Sislo is over, Mike Sislo is back on ice.
15:32 of 2nd period - Wrist shot by Nathan Davis.
15:32 of 2nd period - Shot Misses the Net.
15:34 of 2nd period - Wrist shot by Nathan Davis.
15:34 of 2nd period - Deflect By Tim Crowder.
15:34 of 2nd period - Shot Misses the Net.
15:34 of 2nd period - Puck is out of play.
15:35 of 2nd period - Nathan Davis wins face-off versus Fedor Fedorov in Patriotes zone.
15:40 of 2nd period - Snap shot by Tim Crowder.
15:40 of 2nd period - Shot Blocked by Lauri Tukonen.
15:42 of 2nd period - Slapshot by Jonas Junland.
15:42 of 2nd period - Stopped by Leland Irving with a rebound.
15:44 of 2nd period - Slapshot by Nathan Davis.
15:44 of 2nd period - Deflect By Tim Crowder.
15:44 of 2nd period - Stopped by Leland Irving with a rebound.
15:46 of 2nd period - Slapshot by Jonas Junland.
15:46 of 2nd period - Deflect By Fedor Fedorov.
15:46 of 2nd period - Stopped by Leland Irving with a rebound.
15:48 of 2nd period - Snap shot by Nathan Davis.
15:48 of 2nd period - Deflect By Chris Terry.
15:48 of 2nd period - Shot Misses the Net.
15:48 of 2nd period - Puck is out of play.
15:49 of 2nd period - Mike Zigomanis wins face-off versus T.J Galiardi in Patriotes zone.
15:50 of 2nd period - Snap shot by Chris Neil.
15:50 of 2nd period - Shot Blocked by A.J Thelen.
15:58 of 2nd period - Snap shot by Cory Emmerton.
15:58 of 2nd period - Shot Blocked by Cody McLeod.
16:02 of 2nd period - Slapshot by Andreas Nodl.
16:02 of 2nd period - Stopped by Jamie Storr without a rebound.
16:03 of 2nd period - Mike Zigomanis wins face-off versus Christian Hanson in Wolves zone.
16:03 of 2nd period - Mike Zigomanis is hit by Davis Drewiske.
16:11 of 2nd period - Wrist shot by Andrew Gordon.
16:11 of 2nd period - Stopped by Jamie Storr without a rebound.
16:12 of 2nd period - Christian Hanson wins face-off versus Mike Zigomanis in Wolves zone.
16:33 of 2nd period - Snap shot by Andrew Gordon.
16:33 of 2nd period - Shot Misses the Net.
16:35 of 2nd period - Wrist shot by Tomas Kurka.
16:35 of 2nd period - Shot Misses the Net.
16:37 of 2nd period - Snap shot by Christian Hanson.
16:37 of 2nd period - Stopped by Jamie Storr without a rebound.
16:38 of 2nd period - Rich Peverley wins face-off versus Cory Emmerton in Wolves zone.
16:45 of 2nd period - Wrist shot by Matt Gilroy.
16:45 of 2nd period - Stopped by Leland Irving without a rebound.
16:46 of 2nd period - Cory Emmerton wins face-off versus Rich Peverley in Patriotes zone.
16:58 of 2nd period - Minor Penalty to Cory Emmerton for Hooking.
16:59 of 2nd period - Mike Zigomanis wins face-off versus Tomas Kurka in Patriotes zone.
17:14 of 2nd period - Wrist shot by Tomas Kurka.
17:14 of 2nd period - Shot Blocked by Willie Mitchell.
17:24 of 2nd period - Andrew Gordon is hit by Mike Sislo and loses puck.
18:19 of 2nd period - Matt Gilroy is hit by A.J Thelen and loses puck.
18:26 of 2nd period - Andreas Nodl is hit by Mike Sislo and loses puck.
18:58 of 2nd period - Penalty to Cory Emmerton is over, Cory Emmerton is back on ice.
19:11 of 2nd period - Snap shot by Tim Crowder.
19:11 of 2nd period - Shot Hit the Post.
19:13 of 2nd period - Backhand shot by Nathan Davis.
19:13 of 2nd period - Shot Misses the Net.
19:15 of 2nd period - Slapshot by Jonas Junland.
19:15 of 2nd period - Stopped by Leland Irving without a rebound.
19:16 of 2nd period - Ryan White wins face-off versus Nathan Davis in Patriotes zone.
19:43 of 2nd period - Wrist shot by Dan Fritsche.
19:43 of 2nd period - Shot Misses the Net.
19:45 of 2nd period - Slapshot by Milan Bartovic.
19:45 of 2nd period - Stopped by Leland Irving with a rebound.
19:47 of 2nd period - Snap shot by Dan Fritsche.
19:47 of 2nd period - Shot Blocked by Brett Skinner.
19:54 of 2nd period - Minor Penalty to Joe Charlebois for Hooking.
19:55 of 2nd period - Mike Zigomanis wins face-off versus Tomas Kurka in Patriotes zone.
19:58 of 2nd period - Snap shot by Chris Neil.
19:58 of 2nd period - Stopped by Leland Irving with a rebound.
3rd period
0:01 of 3rd period - Mike Zigomanis wins face-off versus Tomas Kurka in neutral zone.
0:39 of 3rd period - Wrist shot by Alexander Perezhogin.
0:39 of 3rd period - Shot Misses the Net.
0:41 of 3rd period - Snap shot by Matt Gilroy.
0:41 of 3rd period - Shot Misses the Net.
1:17 of 3rd period - Tomas Kurka is hit by Cody McLeod and loses puck.
1:46 of 3rd period - Snap shot by T.J Galiardi.
1:46 of 3rd period - Shot Misses the Net.
1:54 of 3rd period - Penalty to Joe Charlebois is over, Joe Charlebois is back on ice.
1:58 of 3rd period - Joe Charlebois is hit by Dan Fritsche and loses puck.
2:07 of 3rd period - Matt Gilroy is hit by T.J Galiardi and loses puck.
2:16 of 3rd period - Matt Gilroy is hit by Brock Trotter and loses puck.
2:21 of 3rd period - Wrist shot by T.J Galiardi.
2:21 of 3rd period - Deflect By Brock Trotter.
2:21 of 3rd period - Stopped by Jamie Storr with a rebound.
2:37 of 3rd period - Wrist shot by Milan Bartovic.
2:37 of 3rd period - Shot Misses the Net.
2:38 of 3rd period - Minor Penalty to Cory Emmerton for Cross-checking.
2:39 of 3rd period - Mike Zigomanis wins face-off versus Tomas Kurka in Patriotes zone.
2:40 of 3rd period - Wrist shot by Chris Neil.
2:40 of 3rd period - Shot Misses the Net.
2:42 of 3rd period - Slapshot by Mike Zigomanis.
2:42 of 3rd period - Wolves goal is going for a video replay.
2:42 of 3rd period - The goal is refused. The puck has entered the net after making contact with an attacking player’s stick that is above the height of the crossbar..
2:43 of 3rd period - Mike Zigomanis wins face-off versus Tomas Kurka in Patriotes zone.
4:38 of 3rd period - Penalty to Cory Emmerton is over, Cory Emmerton is back on ice.
5:11 of 3rd period - Joe Charlebois is hit by Marc Methot and loses puck.
5:18 of 3rd period - Slapshot by Nathan Davis.
5:18 of 3rd period - Stopped by Leland Irving with a rebound.
5:30 of 3rd period - Backhand shot by Joe Charlebois.
5:30 of 3rd period - Stopped by Jamie Storr with a rebound.
5:52 of 3rd period - Wrist shot by Tomas Kurka.
5:52 of 3rd period - Stopped by Jamie Storr without a rebound.
5:53 of 3rd period - Rich Peverley wins face-off versus Christian Hanson in Wolves zone.
6:25 of 3rd period - Dan Fritsche is hit by Andreas Nodl and loses puck.
6:50 of 3rd period - Tim Crowder is hit by Davis Drewiske and loses puck.
7:05 of 3rd period - Snap shot by Lauri Tukonen.
7:05 of 3rd period - Stopped by Jamie Storr without a rebound.
7:06 of 3rd period - Mike Zigomanis wins face-off versus Andrew Gordon in Wolves zone.
7:38 of 3rd period - Wrist shot by Rich Peverley.
7:38 of 3rd period - Shot Misses the Net.
7:49 of 3rd period - Off-side.
7:50 of 3rd period - Dan Fritsche wins face-off versus James Wright in neutral zone.
7:53 of 3rd period - Slapshot by Matt Gilroy.
7:53 of 3rd period - Stopped by Leland Irving without a rebound.
7:54 of 3rd period - Dan Fritsche wins face-off versus Fedor Fedorov in Patriotes zone.
7:57 of 3rd period - Slapshot by Bruno Gervais.
7:57 of 3rd period - Stopped by Leland Irving with a rebound.
8:17 of 3rd period - Wrist shot by Milan Bartovic.
8:17 of 3rd period - Shot Misses the Net.
8:19 of 3rd period - Snap shot by Geoff Paukovich.
8:19 of 3rd period - Shot Misses the Net.
8:21 of 3rd period - Snap shot by Nate Guenin.
8:21 of 3rd period - Shot Blocked by Davis Drewiske.
8:23 of 3rd period - Snap shot by Geoff Paukovich.
8:23 of 3rd period - Shot Misses the Net.
8:25 of 3rd period - Snap shot by Milan Bartovic.
8:25 of 3rd period - Stopped by Leland Irving with a rebound.
8:40 of 3rd period - Off-side.
8:41 of 3rd period - Mike Zigomanis wins face-off versus Cory Emmerton in neutral zone.
8:52 of 3rd period - Wrist shot by Andreas Nodl.
8:52 of 3rd period - Stopped by Jamie Storr without a rebound.
8:53 of 3rd period - Mike Zigomanis wins face-off versus Cory Emmerton in Wolves zone.
9:03 of 3rd period - Off-side.
9:04 of 3rd period - Tomas Kurka wins face-off versus Mike Zigomanis in neutral zone.
9:13 of 3rd period - Chris Neil is hit by Christian Hanson and loses puck.
9:17 of 3rd period - Minor Penalty to A.J Thelen for Roughing.
9:17 of 3rd period - Minor Penalty to Mike Zigomanis for Cross-checking.
9:18 of 3rd period - Tomas Kurka wins face-off versus Alexander Perezhogin in Wolves zone.
9:19 of 3rd period - Wrist shot by Cory Emmerton.
9:19 of 3rd period - Goal by Cory Emmerton - Wolves : 4 - Patriotes : 4.
9:20 of 3rd period - Alexander Perezhogin wins face-off versus Tomas Kurka in neutral zone.
9:35 of 3rd period - Snap shot by Tomas Kurka.
9:35 of 3rd period - Shot Blocked by Willie Mitchell.
10:05 of 3rd period - Wrist shot by Milan Bartovic.
10:05 of 3rd period - Stopped by Leland Irving without a rebound.
10:06 of 3rd period - Andreas Nodl wins face-off versus Milan Bartovic in Patriotes zone.
10:34 of 3rd period - Icing by Tomas Kurka.
10:35 of 3rd period - Chris Neil wins face-off versus Tomas Kurka in Patriotes zone.
10:36 of 3rd period - Wrist shot by Alexander Perezhogin.
10:36 of 3rd period - Shot Hit the Post.
11:10 of 3rd period - Matt Gilroy is hit by Brett Skinner and loses puck.
11:17 of 3rd period - Penalty to A.J Thelen is over, A.J Thelen is back on ice.
11:17 of 3rd period - Penalty to Mike Zigomanis is over, Mike Zigomanis is back on ice.
11:23 of 3rd period - Wrist shot by Mike Zigomanis.
11:23 of 3rd period - Shot Misses the Net.
11:41 of 3rd period - Slapshot by Rich Peverley.
11:41 of 3rd period - Shot Blocked by Philip Larsen.
11:43 of 3rd period - Snap shot by Milan Bartovic.
11:43 of 3rd period - Shot Blocked by Davis Drewiske.
11:45 of 3rd period - Snap shot by Rich Peverley.
11:45 of 3rd period - Stopped by Leland Irving without a rebound.
11:46 of 3rd period - Nathan Davis wins face-off versus James Wright in Patriotes zone.
11:51 of 3rd period - Snap shot by Nathan Davis.
11:51 of 3rd period - Deflect By Tim Crowder.
11:51 of 3rd period - Stopped by Leland Irving without a rebound.
11:52 of 3rd period - Nathan Davis wins face-off versus James Wright in Patriotes zone.
11:59 of 3rd period - Nathan Davis is hit by Brett Skinner and loses puck.
12:00 of 3rd period - Nathan Davis from Wolves is injured at 12:00 of 3rd period (Left Foot).
12:01 of 3rd period - Cory Emmerton wins face-off versus Mike Zigomanis in Wolves zone.
12:14 of 3rd period - Snap shot by Cory Emmerton.
12:14 of 3rd period - Shot Misses the Net.
12:28 of 3rd period - Christian Hanson is hit by Alexander Perezhogin and loses puck.
12:35 of 3rd period - Snap shot by Alexander Perezhogin.
12:35 of 3rd period - Stopped by Leland Irving with a rebound.
12:37 of 3rd period - Wrist shot by Mike Sislo.
12:37 of 3rd period - Shot Blocked by Tomas Kurka.
12:39 of 3rd period - Slapshot by Bruno Gervais.
12:39 of 3rd period - Shot Blocked by Davis Drewiske.
12:55 of 3rd period - Fedor Fedorov is hit by Bruno Gervais and loses puck.
13:01 of 3rd period - Icing by A.J Thelen.
13:02 of 3rd period - Mike Zigomanis wins face-off versus James Wright in Patriotes zone.
13:09 of 3rd period - Wrist shot by Cody McLeod.
13:09 of 3rd period - Stopped by Leland Irving without a rebound.
13:10 of 3rd period - Cory Emmerton wins face-off versus Mike Zigomanis in Patriotes zone.
13:26 of 3rd period - Snap shot by Cory Emmerton.
13:26 of 3rd period - Stopped by Jamie Storr without a rebound.
13:27 of 3rd period - Christian Hanson wins face-off versus Rich Peverley in Wolves zone.
13:38 of 3rd period - Slapshot by Joe Charlebois.
13:38 of 3rd period - Shot Blocked by Nate Guenin.
13:43 of 3rd period - Nate Guenin is hit by Joe Charlebois and loses puck.
13:58 of 3rd period - Chris Neil is hit by Cory Emmerton and loses puck.
14:04 of 3rd period - Minor Penalty to Chris Neil for Charging.
14:05 of 3rd period - Dan Fritsche wins face-off versus Cory Emmerton in Wolves zone.
15:06 of 3rd period - Joe Charlebois is hit by Alexander Perezhogin and loses puck.
16:04 of 3rd period - Penalty to Chris Neil is over, Chris Neil is back on ice.
16:04 of 3rd period - Geoff Paukovich is hit by T.J Galiardi and loses puck.
16:22 of 3rd period - Icing by Geoff Paukovich.
16:23 of 3rd period - James Wright wins face-off versus Petr Kalus in Wolves zone.
16:26 of 3rd period - Slapshot by Brock Trotter.
16:26 of 3rd period - Stopped by Jamie Storr without a rebound.
16:27 of 3rd period - Mike Zigomanis wins face-off versus Cory Emmerton in Wolves zone.
16:32 of 3rd period - Wrist shot by Cody McLeod.
16:32 of 3rd period - Stopped by Leland Irving with a rebound.
16:34 of 3rd period - Slapshot by Bruno Gervais.
16:34 of 3rd period - Shot Blocked by Joe Charlebois.
16:36 of 3rd period - Snap shot by Chris Neil.
16:36 of 3rd period - Shot Misses the Net.
16:38 of 3rd period - Snap shot by Mike Zigomanis.
16:38 of 3rd period - Stopped by Leland Irving with a rebound.
16:40 of 3rd period - Snap shot by Cody McLeod.
16:40 of 3rd period - Shot Misses the Net.
16:42 of 3rd period - Snap shot by Mike Zigomanis.
16:42 of 3rd period - Goal by Mike Zigomanis - Wolves : 5 - Patriotes : 4.
16:43 of 3rd period - James Wright wins face-off versus Dan Fritsche in neutral zone.
16:46 of 3rd period - Milan Bartovic is hit by Lauri Tukonen and loses puck.
16:53 of 3rd period - Wrist shot by Fedor Fedorov.
16:53 of 3rd period - Stopped by Jamie Storr without a rebound.
16:54 of 3rd period - James Wright wins face-off versus Geoff Paukovich in Wolves zone.
17:30 of 3rd period - Wrist shot by Cory Emmerton.
17:30 of 3rd period - Stopped by Jamie Storr without a rebound.
17:31 of 3rd period - Ryan White wins face-off versus Milan Bartovic in Wolves zone.
17:44 of 3rd period - Snap shot by Milan Bartovic.
17:44 of 3rd period - Goal by Milan Bartovic - Wolves : 6 - Patriotes : 4.
17:45 of 3rd period - Dan Fritsche wins face-off versus James Wright in neutral zone.
17:58 of 3rd period - Slapshot by A.J Thelen.
17:58 of 3rd period - Shot Blocked by Nate Guenin.
18:00 of 3rd period - Slapshot by Lauri Tukonen.
18:00 of 3rd period - Stopped by Jamie Storr with a rebound.
18:21 of 3rd period - Snap shot by Chris Neil.
18:21 of 3rd period - Stopped by Leland Irving with a rebound.
18:37 of 3rd period - Wrist shot by Rich Peverley.
18:37 of 3rd period - Stopped by Leland Irving without a rebound.
18:38 of 3rd period - Rich Peverley wins face-off versus Fedor Fedorov in Patriotes zone.
18:41 of 3rd period - Wrist shot by Rich Peverley.
18:41 of 3rd period - Shot Misses the Net.
18:44 of 3rd period - Minor Penalty to Mike Sislo for Hooking.
18:45 of 3rd period - Cory Emmerton wins face-off versus Chris Neil in Wolves zone.
19:25 of 3rd period - Minor Penalty to Philip Larsen for Holding Stick.
19:26 of 3rd period - Chris Neil wins face-off versus Tomas Kurka in Patriotes zone.
19:29 of 3rd period - Wrist shot by Chris Neil.
19:29 of 3rd period - Stopped by Leland Irving with a rebound.
19:31 of 3rd period - Snap shot by Chris Neil.
19:31 of 3rd period - Deflect By A.J Thelen.
19:31 of 3rd period - Shot Misses the Net.
19:31 of 3rd period - Puck is out of play.
19:32 of 3rd period - Tomas Kurka wins face-off versus Chris Neil in Patriotes zone.
Output by the SimonT Hockey Simulator (STHS) for François Prévost -- Original Page W3C XHTML 1.0 Valid